 Dungeon Crawl Stone Soup version 0.31-a0-1008-g5b978dac0e (webtiles) character file.

Game seed: 2277342169553208562

156 Chiseanne the Covert (level 5, -1/27 HPs)
             Began as a Spriggan Delver on Nov 12, 2023.
             Succumbed to a kobold brigand's poison
             ... on level 4 of the Dungeon.
             The game lasted 00:06:17 (1048 turns).

Chiseanne the Covert (Spriggan Delver)              Turns: 1048, Time: 00:06:18

Health: -1/27      AC:  2    Str:  8    XL:     5   Next: 14%
Magic:  6/6        EV: 19    Int: 12    God:
Gold:   101        SH:  0    Dex: 18    Spells: 4/4 levels left

rFire   . . .        a - +2 dagger (venom)
rCold   . . .        (no shield)
rNeg    . . .        b - +0 robe
rPois   .            (helmet restricted)
rElec   .            (no cloak)
rCorr   .            (gloves unavailable)
SInv    +            (boots unavailable)
Will    .....        (no amulet)
Stlth   ++++         (no ring)
HPRegen 0.24/turn    (no ring)
MPRegen 0.10/turn

%: no passive effects
@: lethally poisoned (-1 -> -14), invisible, very quick
A: very small, no large weapons, unfitting armour, see invisible, speed 3
a: no special abilities


You were on level 4 of the Dungeon.
You visited 1 branch of the dungeon, and saw 5 of its levels.

You collected 101 gold pieces.

Inventory:

Hand Weapons
 a - a +2 dagger of venom (weapon)
 j - a +1 short sword
Missiles
 l - 19 stones
 p - 2 boomerangs (quivered)
Armour
 b - a +0 robe (worn)
Wands
 d - a wand of polymorph (12)
 g - a wand of digging (3)
 h - a wand of charming (5)
Scrolls
 c - a scroll of fog
 k - a scroll of blinking {unknown}
 m - a scroll of fear
Potions
 e - a potion of mutation
 f - a potion of haste
 o - a potion of resistance {unknown}


   Skills:
 - Level 2.4 Fighting
 - Level 2.1 Short Blades
 + Level 4.6 Dodging
 * Level 9.7 Stealth


You had 4 spell levels left.
You didn't know any spells.
Your spell library was empty.

Dungeon Overview and Level Annotations

Branches:
Dungeon (5/15)
 Temple: D:4-7

Altars:
Kikubaaqudgha
Qazlal
Trog
Uskayaw
Zin


Innate Abilities, Weirdness & Mutations

You are very small and have problems with some larger weapons.
You are too small for most types of armour.
You have supernaturally acute eyesight. (SInv)
You cover ground extremely quickly. (Speed+++)


Message History

You climb downwards.
There is a stone staircase leading up here.
You open the door.
There is an open door here.
A kobold brigand is nearby!
Throw: 2 boomerangs
Press: ? - help, Q - select action, (/) - cycle Shift-Dir - straight line, f - kobold brigand
Aim: a kobold brigand, wielding a +2 dagger of venom and quivering poisoned darts (severely wounded, 51% to hit)
You throw a boomerang.
The boomerang barely misses the kobold brigand.
Throw: 2 boomerangs
Press: ? - help, Q - select action, (/) - cycle Shift-Dir - straight line, f/p - kobold brigand
Aim: a kobold brigand, wielding a +2 dagger of venom and quivering poisoned darts (severely wounded, 51% to hit)
You throw a boomerang. The boomerang hits the kobold brigand.
The kobold brigand is severely wounded.
Found a ring mail.
A kobold brigand is nearby!
You hit the kobold brigand but do no damage.
The kobold brigand is poisoned.
The kobold brigand is severely wounded.
The kobold brigand hits you with a +2 dagger of venom.
You are poisoned.
You hit the kobold brigand.
The kobold brigand looks as sick as possible!
The kobold brigand is severely wounded.
You feel sick.
The kobold brigand hits you with a +2 dagger of venom!
* * * LOW HITPOINT WARNING * * *
You are lethally poisoned!
You hit the kobold brigand.
The kobold brigand looks as sick as possible!
The kobold brigand is almost dead.
* * * LOW HITPOINT WARNING * * *
You feel very sick.
You kill the kobold brigand!
You have reached level 5!
You feel clever.
It was a potion of invisibility.
You fade into invisibility!
You die...

# *,##....##.#.#.#.#,* #
*,#.<........#...#,* #
#,##.......###,#.#,* #
###.##......## *,*.#,* #
*#...........# *,*,#,***
##
#.....#.#....####,*,,,,,,
.#
#.._..#.###......,*,*,***
.#
#._8_[#)###......,,,*,*
)#
#.._....@........,,,*,*
.#
#.........##.....,,,*,*
.#
#..##.....#*,....,,>*,*
.#
##........#*,,,,.,*,*,*
## *#########*,******,*,*
# *,* *,*,* #
*,******,,,* * #
***,,,,,,*+***** #
*,,,**,*,,,,,,**


There were no monsters in sight!

Vanquished Creatures
  A kobold brigand (D:4)
  A worm (D:3)
  A dart slug (D:2)
  5 orcs
  2 endoplasms
  A giant cockroach (D:2)
  8 goblins
  5 hobgoblins
  4 quokkas
  5 ball pythons
  A frilled lizard (D:2)
  4 kobolds
  2 rats (D:3)
40 creatures vanquished.

Vanquished Creatures (collateral kills)
  A jelly (D:5)
1 creature vanquished.

Grand Total: 41 creatures vanquished

Notes
Turn   | Place    | Note
-------+----------+-------------------------------------------
     0 | D:5      | Chiseanne the Spriggan Delver began the quest for the Orb.
     0 | D:5      | Reached XP level 1. HP: 11/11 MP: 2/2
    12 | D:5      | Noticed a jelly
    16 | D:5      | Noticed a hound
    27 | D:5      | Killed a jelly
    28 | D:5      | Reached skill level 8 in Stealth
    28 | D:5      | Reached XP level 2. HP: 11/16 MP: 3/3
    66 | D:4      | Reached XP level 3. HP: 19/19 MP: 4/4
   189 | D:4      | Noticed a kobold brigand
   193 | D:4      | Chiseanne: right
   218 | D:4      | Found a hide-covered altar of Uskayaw.
   219 | D:4      | Found a glowing silver altar of Zin.
   220 | D:4      | Found a stormy altar of Qazlal.
   220 | D:4      | Found an ancient bone altar of Kikubaaqudgha.
   287 | D:2      | Chiseanne: right
   287 | D:2      | Chiseanne: and of course you get swarmed..FUCK YOU
                  | DISGUSTING BEINGS
   320 | D:2      | Found a faded altar of an unknown god.
   505 | D:2      | Found a bloodstained altar of Trog.
   844 | D:3      | Reached XP level 4. HP: 23/23 MP: 5/5
   937 | D:4      | Reached skill level 9 in Stealth
  1047 | D:4      | Killed a kobold brigand
  1048 | D:4      | Reached XP level 5. HP: 3/27 MP: 6/6
  1048 | D:4      | Succumbed to a kobold brigand's poison

Illustrated notes

Levels and vault maps discovered:
D:1:      minmay_arrival_stone_box, layout_rooms, nicolae_the_louvre
D:2:      layout_loops_ring, basic_altar, basic_ecumenical_altar,
          kennysheep_generic_room_16
D:3:      wad_river_or_something, layout_loops_ring, grunt_ministairs_1
D:4:      layout_basic, chequers_temple_overflow_statue_of_worship, slow_altar_1
D:5:      layout_loops_ring, makhleb_grotto_becter

Skill      XL: |  1  2  3  4 |
---------------+-------------+-----
Dodging        | 3 4 |  4.6
Stealth        | 8 9 |  9.7
Fighting       | |  2.4
Short Blades   | |  2.1

Action                     |  1- 3 |  4- 6 || total
---------------------------+-------+-------++-------
  Melee: Short sword       |    60 |       ||    60
         Dagger            |    15 |    29 ||    44
         Punch             |     1 |       ||     1
  Throw: Boomerang         |       |     2 ||     2
  Evoke: Wand              |     2 |       ||     2
    Use: Scroll            |     5 |       ||     5
         Potion            |       |     3 ||     3
   Stab: Sleeping          |     9 |     1 ||    10
         Distracted        |       |     2 ||     2
 Armour: Robe              |    16 |     7 ||    23
  Dodge: Dodged            |    50 |    16 ||    66

Table legend: (Time is in decaauts)
 A = Elapsed time spent in this place.
 B = Non-inter-level travel time spent in this place.
 C = Inter-level travel time spent in this place.
 D = Time resting spent in this place.
 E = Time spent auto-exploring this place.
 F = Levels seen in this place.
 G = Mean time per level.
                   A        B        C        D        E       F      G
               +--------+--------+--------+--------+--------+-----+--------+
         Total |    696 |    680 |     16 |      7 |     84 |   5 |  139.2 |
       Dungeon |    696 |    680 |     16 |      7 |     84 |   5 |  139.2 |
               +--------+--------+--------+--------+--------+-----+--------+

Top non-repeatable levels by time:
     D:2: 318 daAuts
     D:4: 165 daAuts
     D:3: 153 daAuts
     D:5: 32 daAuts
     D:1: 26 daAuts
